3L
VANCOUVER GREY WOLVES @ PITTSBURGH KINGFISHERS
08/11/2042
 
TOP OF THE 1ST
Vancouver Grey Wolves batting - Pitching for Pittsburgh Kingfishers : RHP Sjoerd Reynoud
Pitching: RHP Sjoerd Reynoud
Batting: SHB Willie McGirt 0-0: Ball
1-0: Foul Ball, location: 2F
1-1: Ball
2-1: Ball
3-1: Swinging Strike
3-2: Base on Balls
Batting: RHB Rafael Maldonado 0-0: Ball
1-0: Called Strike
1-1: Ball
2-1: Foul Ball, location: 2F
2-2: Ball
Wild Pitch!
Willie McGirt to second
3-2: Ground out 4-3 (Groundball, 4, EV 95.6 MPH)
Willie McGirt to third
Batting: RHB José Torres 0-0: Ball
1-0: Swinging Strike
1-1: Ball
2-1: Fly out, F8 (Flyball, 8LM, EV 86.9 MPH)
Runner from 3rd tags up, SCORES, no throw by CF
Batting: LHB José Arras 0-0: Ball
1-0: Called Strike
1-1: Foul Ball, location: 2F
1-2: Ball
2-2: Strikes out swinging
Top of the 1st over - 1 run, 0 hits, 0 errors, 0 left on base; Vancouver 1 - Pittsburgh 0
BOTTOM OF THE 1ST
Pittsburgh Kingfishers batting - Pitching for Vancouver Grey Wolves : RHP Johnny Jones
Pitching: RHP Johnny Jones
Batting: LHB Rafael Abasto 0-0: Fly out, F8 (Line Drive, 8LM, EV 91.2 MPH)
Batting: LHB Danny Trautmann 0-0: Ball
1-0: Called Strike
1-1: Ball
2-1: SINGLE (Groundball, 34D, EV 98.1 MPH)
Batting: RHB Junior Young 0-0: Called Strike
0-1: Swinging Strike
0-2: Strikes out swinging
Batting: LHB Naganori Inoue 0-0: Swinging Strike
0-1: Swinging Strike
0-2: Foul Ball, location: 2F
0-2: SINGLE (Groundball, 4MD, EV 97.5 MPH)
Danny Trautmann to second
Batting: RHB Rob Brooks 0-0: Called Strike
0-1: Foul Ball, location: 2F
0-2: Ball
1-2: Fly out, F7 (Flyball, 7S, EV 91.2 MPH)
Bottom of the 1st over - 0 runs, 2 hits, 0 errors, 2 left on base; Vancouver 1 - Pittsburgh 0
TOP OF THE 2ND
Vancouver Grey Wolves batting - Pitching for Pittsburgh Kingfishers : RHP Sjoerd Reynoud
Batting: LHB Javier Caceres 0-0: Ball
1-0: Ground out 4-3 (Groundball, 4, EV 94.4 MPH)
Batting: LHB Cameron Woolever 0-0: Ball
1-0: Ball
2-0: Fly out, F9 (Flyball, 9S, EV 89.4 MPH)
Batting: RHB David Stone 0-0: Ball
1-0: Ground out 6-3 (Groundball, 6, EV 87.5 MPH)
Top of the 2nd over - 0 runs, 0 hits, 0 errors, 0 left on base; Vancouver 1 - Pittsburgh 0
BOTTOM OF THE 2ND
Pittsburgh Kingfishers batting - Pitching for Vancouver Grey Wolves : RHP Johnny Jones
Batting: RHB Loring Rommel 0-0: Ball
1-0: Called Strike
1-1: Foul Ball, location: 2F
1-2: Foul Ball, location: 2F
1-2: Strikes out swinging
Batting: SHB Hong-bo Zhui 0-0: Ball
1-0: Fly out, F7 (Flyball, 7S, EV 88.1 MPH)
Batting: RHB Li-ren Ku 0-0: Foul Ball, location: 2F
0-1: SINGLE (Line Drive, 89M, EV 100.6 MPH)
Batting: RHB Roger Snodgrass 0-0: Ball
1-0: Ball
2-0: Called Strike
2-1: Foul Ball, location: 2F
2-2: Ground out 6-3 (Groundball, 6, EV 104.4 MPH)
Bottom of the 2nd over - 0 runs, 1 hit, 0 errors, 1 left on base; Vancouver 1 - Pittsburgh 0
TOP OF THE 3RD
Vancouver Grey Wolves batting - Pitching for Pittsburgh Kingfishers : RHP Sjoerd Reynoud
Batting: SHB John Hawley 0-0: SOLO HOME RUN (Flyball, 9LD, EV 98.1 MPH), Distance : 359 ft
Batting: RHB Kao-tsu Koo 0-0: Foul Ball, location: 2F
0-1: Ball
1-1: Swinging Strike
1-2: Ball
2-2: Foul Ball, location: 2F
2-2: Strikes out swinging
Batting: SHB Willie McGirt 0-0: Ball
1-0: Called Strike
1-1: Swinging Strike
1-2: Ball
2-2: Foul Ball, location: 2F
2-2: Ball
3-2: Foul Ball, location: 2F
3-2: Ground out 4-3 (Groundball, 4, EV 81.2 MPH)
Batting: RHB Rafael Maldonado 0-0: Ball
1-0: Foul Ball, location: 2F
1-1: Ball
2-1: Foul Ball, location: 2F
2-2: Ball
3-2: Foul Ball, location: 2F
3-2: Base on Balls
Batting: RHB José Torres 0-0: Called Strike
0-1: Ball
1-1: Ball
2-1: Foul Ball, location: 2F
2-2: SINGLE (Groundball, 6MD, EV 98.8 MPH)
Rafael Maldonado to second
Runner from 2nd tries for 3rd, SAFE, throw by CF made to third
Batting: LHB José Arras 0-0: Ball
1-0: Fly out, F7 (Flyball, 7, EV 83.8 MPH)
Top of the 3rd over - 1 run, 2 hits, 0 errors, 2 left on base; Vancouver 2 - Pittsburgh 0
BOTTOM OF THE 3RD
Pittsburgh Kingfishers batting - Pitching for Vancouver Grey Wolves : RHP Johnny Jones
Batting: LHB Rafael Abasto 0-0: Ball
1-0: Called Strike
1-1: Ball
2-1: Ball
3-1: Called Strike
3-2: Strikes out swinging
Batting: LHB Danny Trautmann 0-0: Ball
1-0: Foul Ball, location: 2F
1-1: Swinging Strike
1-2: Foul Ball, location: 2F
1-2: SINGLE (Groundball, 4MD, EV 105.6 MPH)
Batting: RHB Junior Young 0-0: Swinging Strike
0-1: Hit by Pitch
Danny Trautmann to second
Batting: LHB Naganori Inoue 0-0: Foul Ball, location: 2F
0-1: Swinging Strike
0-2: Foul Ball, location: 2F
0-2: Ball
1-2: Ball
2-2: Ball
3-2: Base on Balls
Danny Trautmann to third
Junior Young to second
Batting: RHB Rob Brooks 0-0: Foul Ball, location: 2F
0-1: Foul Ball, location: 2F
0-2: Foul Ball, location: 2F
0-2: Fielders Choice at 2nd, 4-6 (Groundball, 4, EV 86.9 MPH)
Danny Trautmann scores
Junior Young to third
Batting: RHB Loring Rommel 0-0: Ball
1-0: Ball
2-0: Swinging Strike
2-1: SINGLE (Groundball, 6MD, EV 101.2 MPH)
Junior Young scores
Rob Brooks to second
Batting: SHB Hong-bo Zhui 0-0: Ground out 4-3 (Groundball, 4, EV 88.1 MPH)
Bottom of the 3rd over - 2 runs, 2 hits, 0 errors, 2 left on base; Vancouver 2 - Pittsburgh 2
TOP OF THE 4TH
Vancouver Grey Wolves batting - Pitching for Pittsburgh Kingfishers : RHP Sjoerd Reynoud
Batting: LHB Javier Caceres 0-0: Ball
1-0: Called Strike
1-1: Called Strike
1-2: Ball
2-2: Foul Ball, location: 2F
2-2: Ball
3-2: Foul Ball, location: 2F
3-2: Ground out U3 (Groundball, 3, EV 106.9 MPH)
Batting: LHB Cameron Woolever 0-0: Called Strike
0-1: Ball
1-1: Ball
2-1: Called Strike
2-2: Ball
3-2: Fly out, F8 (Flyball, 8LXD, EV 90.0 MPH)
Batting: RHB David Stone 0-0: Ground out 4-3 (Groundball, 4, EV 86.2 MPH)
Top of the 4th over - 0 runs, 0 hits, 0 errors, 0 left on base; Vancouver 2 - Pittsburgh 2
BOTTOM OF THE 4TH
Pittsburgh Kingfishers batting - Pitching for Vancouver Grey Wolves : RHP Johnny Jones
Batting: RHB Li-ren Ku 0-0: Called Strike
0-1: Ball
1-1: Ground out 5-3 (Groundball, 56S, EV 79.4 MPH)
Batting: RHB Roger Snodgrass 0-0: DOUBLE (Line Drive, 89M, EV 113.1 MPH)
Batting: LHB Rafael Abasto 0-0: Fly out, F5 (Popup, 6S, EV 80.6 MPH)
Batting: LHB Danny Trautmann 0-0: Ball
1-0: Called Strike
1-1: Ball
2-1: Called Strike
2-2: Strikes out swinging
Bottom of the 4th over - 0 runs, 1 hit, 0 errors, 1 left on base; Vancouver 2 - Pittsburgh 2
TOP OF THE 5TH
Vancouver Grey Wolves batting - Pitching for Pittsburgh Kingfishers : RHP Sjoerd Reynoud
Batting: SHB John Hawley 0-0: Swinging Strike
0-1: Ground out 1-3 (Groundball, 15S, EV 72.5 MPH)
Batting: RHB Kao-tsu Koo 0-0: Called Strike
0-1: Ball
1-1: Ball
2-1: Foul Ball, location: 2F
2-2: Foul Ball, location: 2F
2-2: Ball
3-2: Foul Ball, location: 2F
3-2: Strikes out swinging
Batting: SHB Willie McGirt 0-0: Ball
1-0: Ball
2-0: Called Strike
2-1: SINGLE (Groundball, 4MD, EV 95.6 MPH)
Batting: RHB Rafael Maldonado 0-0: Ball
Wild Pitch!
Willie McGirt to second
1-0: Called Strike
1-1: Ball
2-1: Foul Ball, location: 2F
2-2: DOUBLE (Line Drive, 78XD, EV 103.8 MPH)
Willie McGirt scores
Batting: RHB José Torres 0-0: Swinging Strike
0-1: Foul Ball, location: 2F
0-2: Ball
1-2: Foul Ball, location: 2F
1-2: Ball
2-2: Ball
3-2: Base on Balls
Pitching: RHP Javier Solís
Batting: LHB José Arras 0-0: Ball
1-0: Ball
2-0: Ball
3-0: Called Strike
3-1: Base on Balls
Rafael Maldonado to third
José Torres to second
Batting: LHB Javier Caceres 0-0: Ball
1-0: Foul Ball, location: 2F
1-1: Foul Ball, location: 2F
1-2: Ball
2-2: SINGLE (Line Drive, 5D, EV 95.6 MPH)
Rafael Maldonado scores
José Torres to third
José Arras to second
Runner from 3rd tries for Home, SAFE, no throw by LF
Batting: LHB Cameron Woolever 0-0: Called Strike
0-1: Called Strike
0-2: Ball
1-2: Ball
2-2: Foul Ball, location: 2F
2-2: Ground out 4-3 (Groundball, 34D, EV 111.2 MPH)
Top of the 5th over - 3 runs, 3 hits, 0 errors, 2 left on base; Vancouver 5 - Pittsburgh 2
BOTTOM OF THE 5TH
Pittsburgh Kingfishers batting - Pitching for Vancouver Grey Wolves : RHP Johnny Jones
Batting: RHB Junior Young 0-0: SINGLE (Groundball, 4MD, EV 107.5 MPH)
Batting: LHB Naganori Inoue 0-0: Fielders Choice at 2nd, 4-6 (Groundball, 4MS, EV 76.9 MPH)
Batting: RHB Rob Brooks 0-0: Ball
1-0: Grounds into double play, 6-4-3 (Groundball, 6, EV 84.4 MPH)
Bottom of the 5th over - 0 runs, 1 hit, 0 errors, 0 left on base; Vancouver 5 - Pittsburgh 2
TOP OF THE 6TH
Vancouver Grey Wolves batting - Pitching for Pittsburgh Kingfishers : RHP Javier Solís
Batting: RHB David Stone 0-0: Called Strike
0-1: Foul Ball, location: 2F
0-2: Fly out, F8 (Flyball, 8LS, EV 76.9 MPH)
Batting: SHB John Hawley 0-0: SOLO HOME RUN (Flyball, 89XD, EV 103.8 MPH), Distance : 429 ft
Batting: RHB Kao-tsu Koo 0-0: Ball
1-0: Called Strike
1-1: Foul Ball, location: 2F
1-2: Ball
2-2: Foul Ball, location: 2F
2-2: Foul Ball, location: 2F
2-2: Foul Ball, location: 2F
2-2: Fly out, F9 (Line Drive, 9D, EV 105.0 MPH)
Batting: SHB Willie McGirt 0-0: Foul Ball, location: 2F
0-1: Ball
1-1: Foul Ball, location: 2F
1-2: Ball
2-2: Foul Ball, location: 2F
2-2: Fly out, F9 (Flyball, 9LS, EV 85.0 MPH)
Top of the 6th over - 1 run, 1 hit, 0 errors, 0 left on base; Vancouver 6 - Pittsburgh 2
BOTTOM OF THE 6TH
Pittsburgh Kingfishers batting - Pitching for Vancouver Grey Wolves : RHP Johnny Jones
Batting: RHB Loring Rommel 0-0: Called Strike
0-1: Ball
1-1: Foul Ball, location: 2F
1-2: Ball
2-2: Foul Ball, location: 2F
2-2: Foul Ball, location: 2F
2-2: Foul Ball, location: 2F
2-2: Ground out 4-3 (Groundball, 34, EV 87.5 MPH)
Batting: SHB Hong-bo Zhui 0-0: Ball
1-0: Ball
2-0: Ground out 4-3 (Groundball, 4, EV 83.1 MPH)
Batting: RHB Li-ren Ku 0-0: Swinging Strike
0-1: Ball
1-1: Ball
2-1: Ball
3-1: Foul Ball, location: 2F
3-2: Foul Ball, location: 2F
3-2: Foul Ball, location: 2F
3-2: Fly out, F9 (Flyball, 9S, EV 86.9 MPH)
Bottom of the 6th over - 0 runs, 0 hits, 0 errors, 0 left on base; Vancouver 6 - Pittsburgh 2
TOP OF THE 7TH
Vancouver Grey Wolves batting - Pitching for Pittsburgh Kingfishers : RHP Javier Solís
Batting: RHB Rafael Maldonado 0-0: Called Strike
0-1: Ball
1-1: Foul Ball, location: 2F
1-2: Foul Ball, location: 2F
1-2: Foul Ball, location: 2F
1-2: Ground out 6-3 (Groundball, 56, EV 110.0 MPH)
Pitching: RHP Wes Gilmore
Batting: RHB José Torres 0-0: Ball
1-0: Ball
2-0: Called Strike
2-1: Called Strike
2-2: Strikes out swinging
Batting: LHB José Arras 0-0: Foul Ball, location: 2F
0-1: Ball
1-1: Ball
2-1: Ball
3-1: DOUBLE (Line Drive, 89D, EV 106.2 MPH) - OUT at third base trying to stretch hit.
Top of the 7th over - 0 runs, 1 hit, 0 errors, 0 left on base; Vancouver 6 - Pittsburgh 2
BOTTOM OF THE 7TH
Pittsburgh Kingfishers batting - Pitching for Vancouver Grey Wolves : RHP Johnny Jones
Pitching: RHP Yoshii Ikeda
Batting: RHB Roger Snodgrass 0-0: Ground out 5-3 (Groundball, 5L, EV 107.5 MPH)
Batting: LHB Rafael Abasto 0-0: Called Strike
0-1: SINGLE (Groundball, 3D, EV 100.6 MPH)
Batting: LHB Danny Trautmann 0-0: Called Strike
0-1: Ball
1-1: Ball
2-1: Foul Ball, location: 2F
2-2: Strikes out swinging
Batting: RHB Junior Young 0-0: Called Strike
0-1: SINGLE (Groundball, 6MD, EV 103.8 MPH)
Rafael Abasto to second
Runner from 2nd tries for 3rd, SAFE, no throw by CF
Batting: LHB Naganori Inoue 0-0: SINGLE (Groundball, 4, EV 87.5 MPH) (infield hit)
Rafael Abasto scores
Junior Young to second
Batting: RHB Rob Brooks 0-0: Ball
1-0: SINGLE (Groundball, 6D, EV 105.0 MPH)
Junior Young to third
Naganori Inoue to second
Runner from 3rd tries for Home, SAFE, no throw by CF
Pinch Hitting: LHB Max Sinclair 0-0: Swinging Strike
0-1: Foul Ball, location: 2F
0-2: Strikes out looking
Bottom of the 7th over - 2 runs, 4 hits, 0 errors, 2 left on base; Vancouver 6 - Pittsburgh 4
TOP OF THE 8TH
Vancouver Grey Wolves batting - Pitching for Pittsburgh Kingfishers : RHP Wes Gilmore
Pitching: LHP Joe Khokar
Now in LF: Max Sinclair
Batting: LHB Javier Caceres 0-0: Swinging Strike
0-1: Ball
1-1: Foul Ball, location: 2F
1-2: Ball
2-2: Strikes out swinging
Batting: LHB Cameron Woolever 0-0: Called Strike
0-1: Foul Ball, location: 2F
0-2: SINGLE (Line Drive, 8LS, EV 106.2 MPH)
Batting: RHB David Stone 0-0: Called Strike
Cameron Woolever steals 2nd base
0-1: Called Strike
Cameron Woolever is caught stealing 3rd base 2-5
0-2: DOUBLE (Flyball, 8LXD, EV 110.6 MPH)
Batting: SHB John Hawley 0-0: Ball
1-0: Ball
2-0: Ball
3-0: Base on Balls
Pitching: RHP Pierre Delecto
Batting: RHB Kao-tsu Koo 0-0: Fly out, F8 (Flyball, 8RM, EV 76.2 MPH)
Top of the 8th over - 0 runs, 2 hits, 0 errors, 2 left on base; Vancouver 6 - Pittsburgh 4
BOTTOM OF THE 8TH
Pittsburgh Kingfishers batting - Pitching for Vancouver Grey Wolves : RHP Yoshii Ikeda
Pitching: RHP Terry Lesage
Now at C: Jimmy Scott
Now at 3B: Alejandro Cantú
Batting: SHB Hong-bo Zhui 0-0: Foul Ball, location: 2F
0-1: Fly out, F8 (Flyball, 78M, EV 95.0 MPH)
Batting: RHB Li-ren Ku 0-0: Called Strike
0-1: Ball
1-1: Ball
2-1: Ball
3-1: Base on Balls
Batting: RHB Roger Snodgrass 0-0: Called Strike
0-1: Foul Ball, location: 2F
0-2: Ball
1-2: Ball
2-2: Ball
3-2: Ground out 4-3 (Groundball, 4M, EV 83.1 MPH)
Li-ren Ku to second
Batting: LHB Rafael Abasto 0-0: Ball
1-0: Foul Ball, location: 2F
1-1: Ball
2-1: Ball
3-1: Called Strike
3-2: Base on Balls
Batting: LHB Danny Trautmann 0-0: Ball
1-0: Foul Ball, location: 2F
1-1: Fly out, F8 (Flyball, 8RD, EV 98.8 MPH)
Bottom of the 8th over - 0 runs, 0 hits, 0 errors, 2 left on base; Vancouver 6 - Pittsburgh 4
TOP OF THE 9TH
Vancouver Grey Wolves batting - Pitching for Pittsburgh Kingfishers : RHP Pierre Delecto
Batting: SHB Willie McGirt 0-0: Called Strike
0-1: Ball
1-1: Foul Ball, location: 2F
1-2: Strikes out looking
Batting: RHB Rafael Maldonado 0-0: Called Strike
0-1: Fly out, F7 (Flyball, 78S, EV 90.6 MPH)
Batting: RHB José Torres 0-0: Ball
1-0: Ball
2-0: Fly out, F7 (Flyball, 78S, EV 93.8 MPH)
Top of the 9th over - 0 runs, 0 hits, 0 errors, 0 left on base; Vancouver 6 - Pittsburgh 4
BOTTOM OF THE 9TH
Pittsburgh Kingfishers batting - Pitching for Vancouver Grey Wolves : RHP Terry Lesage
Batting: RHB Junior Young 0-0: Called Strike
0-1: Ball
1-1: Ball
2-1: Called Strike
2-2: Ball
3-2: Foul Ball, location: 2F
3-2: Fly out, F4 (Popup, 4MD, EV 71.2 MPH)
Batting: LHB Naganori Inoue 0-0: Ball
1-0: Ground out 6-3 (Groundball, 56, EV 83.8 MPH)
Batting: RHB Rob Brooks 0-0: Called Strike
0-1: Foul Ball, location: 2F
0-2: Ball
1-2: Ball
2-2: Fly out, F8 (Flyball, 89S, EV 90.0 MPH)
Bottom of the 9th over - 0 runs, 0 hits, 0 errors, 0 left on base; Vancouver 6 - Pittsburgh 4
Friday, March 26th, 2021 - OOTP Baseball 20.8 Build 74